Map: Battle on the Boardwalk LE

Players

liquidthermy (uThermal)

  • Race: Terran Terran
  • League: Grandmaster
  • Spawn Location: 1:00

Guru - Winner!

  • Race: Zerg Zerg
  • League: Grandmaster
  • Spawn Location: 11:00

Event: HomeStory Cup XVI

VOD

Have the link to the VOD?

Description

Time

  • Played on: Nov. 9, 2017, 9:01 a.m.
  • Length: 13:29

All games in this series

Show
View Real Time Build Order
Export as new Build Order

liquidthermy Terran 

Build Orders: Reaper Expand, Hellion Banshee, Mech 

Get SALT Encoding   

  12  0:01  SCV  
  13  0:13  SCV  
  14  0:16  Supply Depot  
  14  0:25  SCV  
  15  0:38  SCV  
  15  0:40  Barracks  
  16  0:45  Refinery  
  16  0:50  SCV  
  17  1:02  SCV  
  18  1:14  SCV  
  19  1:27  Orbital Command  
  19  1:28  Reaper  
  20  1:40  Command Center  
  20  1:48  Supply Depot  
  20  1:53  SCV  
  21  2:00  Marine  
  22  2:05  SCV  
  22  2:07  Factory  
  23  2:12  Refinery  
  23  2:17  SCV  
  23  2:22  Barracks Reactor  
  24  2:29  SCV  
  25  2:41  SCV  
  26  2:53  Orbital Command  
  26  2:54  SCV  
  26  2:55  Starport  
  27  3:02  Hellion x2  
  31  3:06  SCV, Barracks Tech Lab  
  32  3:18  SCV  
  33  3:20  SCV  
  33  3:23  Hellion x2  
  38  3:30  SCV  
  38  3:32  Supply Depot, SCV  
  40  3:36  Cloaking Field  
  40  3:37  Viking  
  42  3:42  SCV  
  42  3:44  SCV  
  44  3:51  Hellion  
  44  3:54  Hellion, SCV  
  49  3:56  SCV  
  49  4:00  Supply Depot  
  50  4:06  SCV  
  50  4:08  SCV, Banshee  
  53  4:18  SCV  
  53  4:20  SCV  
  54  4:29  Supply Depot, Hellion  
  54  4:30  Command Center, SCV  
  57  4:32  Hellion  
  57  4:34  SCV  
  60  4:42  Armory, SCV  
  61  4:46  SCV  
  62  4:52  Refinery  
  62  4:54  Refinery  
  62  4:55  SCV  
  63  5:00  Factory x2  
  63  5:01  SCV  
  63  5:04  Hellion  
  63  5:05  Starport Reactor  
  63  5:06  Hellion  
  68  5:08  Barracks Tech Lab  
  68  5:13  SCV  
  69  5:20  Supply Depot x2, SCV  
  70  5:30  Terran Vehicle Weapons Level 1  
  70  5:32  Supply Depot  
  68  5:41  SCV  
  68  5:42  SCV, Hellion x2  
  72  5:43  Orbital Command  
  72  5:47  Siege Tank  
  72  5:53  SCV  
  70  5:59  SCV  
  64  6:06  Thor  
  64  6:07  SCV  
  66  6:11  Hellion  
  66  6:15  SCV x2  
  65  6:19  SCV  
  66  6:27  SCV x2  
  66  6:31  SCV  
  69  6:34  Thor  
  69  6:37  Medivac  
  69  6:39  SCV x2  
  79  6:40  Medivac  
  81  6:47  SCV  
  81  6:50  Refinery  
  81  6:51  SCV  
  81  6:52  Refinery, SCV, Supply Depot  
  84  6:59  SCV  
  85  7:02  Siege Tank  
  85  7:03  Hellion x2, SCV  
  85  7:06  SCV  
  94  7:10  Supply Depot  
  94  7:11  Supply Depot, SCV  
  95  7:18  Factory, SCV x2  
  95  7:19  Factory  
  95  7:22  Supply Depot  
  97  7:24  SCV  
  97  7:26  Siege Tank  
  97  7:27  Hellion x2  
  105  7:30  SCV x2  
  105  7:33  Supply Depot  
  105  7:35  Terran Vehicle Weapons Level 2  
  105  7:36  SCV  
  108  7:37  Hellion x8  
  108  7:42  SCV x2  
  110  7:45  Siege Tank  
  110  7:48  Hellion  
  110  7:49  Supply Depot, SCV  
  116  7:55  Hellion  
  116  7:57  SCV  
  119  8:04  Engineering Bay  
  119  8:05  Siege Tank  
  124  8:10  Hellion  
  128  8:13  Hellion x8  
  128  8:15  Factory Tech Lab, Factory Reactor  
  128  8:17  Hellion, Siege Tank  
  129  8:23  Viking x2  
  133  8:32  Hellion  
  133  8:34  Infernal Pre-Igniter, Command Center  
  135  8:37  Supply Depot, Siege Tank  
  135  8:39  Missile Turret  
  138  8:45  Smart Servos  
  138  8:47  Supply Depot  
  138  8:50  Siege Tank  
  138  8:51  Missile Turret, Hellion  
  138  8:52  Hellion  
  145  8:56  Hellion  
  145  8:58  Hellion  
  149  9:03  Siege Tank  
  149  9:04  Supply Depot  
  152  9:11  Medivac x2  
  152  9:14  Hellion  
  158  9:20  Supply Depot  
  158  9:21  Supply Depot  
  158  9:22  Sensor Tower  
  158  9:26  Sensor Tower  
  158  9:28  Hellion x2  
  158  9:31  Hellion  
  164  9:40  Supply Depot  
  164  9:41  Supply Depot  
  164  9:49  Hellion, Siege Tank  
  167  9:54  Viking x2  
  167  9:59  Hellion  
  173  10:03  Hellion  
  173  10:06  Hellion x8  
  175  10:09  Planetary Fortress  
  175  10:13  Refinery, Hellion  
  177  10:17  Refinery  
  177  10:18  Hellion  
  179  10:30  Hellion, Siege Tank  
  179  10:35  Viking x2  
  186  10:39  Terran Vehicle And Ship Armor Level 1  
  186  10:40  Hellion  
  186  10:41  Hellion  
  192  10:45  Hellion, Siege Tank  
  192  10:47  Hellion  
  192  10:51  Hellion  
  178  11:01  Hellion  
  178  11:02  Hellion  
  178  11:03  Hellion  
  167  11:07  Hellion  
  167  11:08  Hellion  
  140  11:13  Hellion  
  140  11:17  Siege Tank  
  136  11:23  Hellion  
  136  11:24  Hellion x2  
  136  11:25  SCV x2, Hellion  
  134  11:26  Orbital Command  
  120  11:37  SCV x2  
  108  11:44  Hellion  
  110  11:49  SCV x2  
  110  11:52  Siege Tank  
  110  11:53  Hellion  
  117  11:57  Siege Tank  
  117  12:01  SCV x2  
  122  12:02  Hellion  
  122  12:05  Hellion  
  122  12:08  SCV  
  127  12:13  SCV x2  
  129  12:18  Hellion, Siege Tank  
  129  12:20  SCV  
  129  12:21  Hellion  
  125  12:25  SCV x2  
  125  12:29  Siege Tank  
  130  12:30  Hellion  
  130  12:31  Hellion  
  130  12:32  SCV  
  130  12:35  Hellion  
  131  12:37  SCV  
  131  12:40  Hellion  
  131  12:43  Hellion  
  111  12:53  Hellion  
  82  12:58  Hellion  
  82  13:01  Hellion  
  82  13:05  Hellion  
Show
View Real Time Build Order
Export as new Build Order

Guru Zerg - Winner!

Build Orders: Hatch First 

Get SALT Encoding   

  12  0:01  Drone  
  13  0:12  Overlord  
  13  0:17  Drone  
  14  0:30  Drone  
  14  0:31  Drone  
  14  0:35  Drone  
  17  0:52  Hatchery  
  17  0:55  Drone  
  17  1:08  Spawning Pool  
  17  1:11  Drone  
  17  1:14  Extractor  
  17  1:16  Drone  
  17  1:19  Drone  
  18  1:28  Drone  
  19  1:38  Drone  
  20  1:55  Hatchery  
  20  1:56  Queen  
  21  2:05  Queen  
  23  2:09  Zergling x2  
  23  2:14  Zergling x2  
  25  2:20  Metabolic Boost  
  25  2:23  Drone  
  25  2:25  Drone  
  27  2:32  Drone  
  28  2:37  Overlord  
  28  2:42  Overlord  
  28  2:52  Spore Crawler  
  28  2:57  Drone x5  
  33  3:02  Drone  
  33  3:04  Drone  
  35  3:06  Drone  
  36  3:14  Drone x2  
  36  3:15  Drone  
  36  3:19  Zergling x4  
  41  3:21  Zergling x2  
  41  3:24  Zergling x2  
  43  3:31  Roach Warren  
  43  3:32  Drone  
  44  3:34  Zergling x2  
  44  3:40  Overlord  
  44  3:49  Drone  
  44  3:53  Drone  
  44  3:54  Drone x3  
  44  3:55  Drone  
  50  3:58  Drone x2  
  50  3:59  Drone x3  
  55  4:05  Queen  
  55  4:07  Overlord  
  57  4:17  Overlord  
  57  4:20  Overlord  
  57  4:25  Roach  
  57  4:26  Roach x2  
  57  4:27  Roach  
  57  4:28  Overlord  
  65  4:34  Overlord  
  65  4:37  Roach x2, Queen  
  71  4:39  Roach  
  71  4:41  Roach  
  71  4:42  Roach  
  71  4:44  Roach  
  79  4:46  Overlord  
  78  4:55  Roach x4  
  78  4:58  Drone  
  78  4:59  Drone  
  88  5:06  Spore Crawler  
  87  5:07  Drone x2  
  87  5:09  Drone  
  87  5:12  Overlord  
  87  5:13  Drone  
  89  5:15  Drone  
  89  5:17  Drone  
  89  5:18  Drone  
  89  5:20  Zergling x2  
  89  5:22  Drone  
  89  5:24  Lair  
  89  5:27  Extractor  
  89  5:28  Evolution Chamber, Extractor  
  85  5:29  Drone  
  85  5:30  Drone x3  
  85  5:31  Drone  
  88  5:40  Drone  
  88  5:41  Drone  
  88  5:42  Drone  
  89  5:49  Drone  
  84  5:51  Drone x2  
  84  5:54  Drone  
  84  5:56  Drone  
  85  5:58  Queen  
  85  5:59  Drone x2  
  85  6:00  Drone  
  85  6:03  Zerg Missile Weapons Level 1, Drone  
  85  6:04  Drone x2  
  93  6:05  Extractor  
  93  6:06  Extractor  
  93  6:07  Queen  
  93  6:08  Overlord  
  89  6:13  Roach x4, Hatchery  
  89  6:16  Roach  
  89  6:18  Roach  
  90  6:19  Overlord  
  90  6:20  Extractor  
  90  6:24  Drone x2  
  93  6:25  Roach  
  93  6:29  Spore Crawler  
  93  6:30  Drone x3  
  93  6:32  Roach x3  
  101  6:37  Overlord  
  101  6:39  Glial Reconstitution  
  101  6:41  Queen  
  101  6:43  Overlord  
  103  6:49  Overseer  
  103  6:56  Spore Crawler  
  99  7:13  Drone  
  99  7:15  Drone  
  99  7:16  Roach x2  
  99  7:17  Drone  
  99  7:19  Drone  
  99  7:21  Infestation Pit, Drone  
  105  7:23  Roach x2  
  105  7:24  Roach  
  105  7:26  Drone x9  
  105  7:29  Drone  
  121  7:30  Drone  
  121  7:31  Drone  
  121  7:35  Roach x2  
  121  7:36  Spore Crawler  
  126  7:42  Spore Crawler  
  125  7:48  Extractor  
  121  7:52  Drone x3  
  121  7:55  Drone  
  121  7:56  Swarm Host  
  128  7:59  Overlord  
  128  8:03  Hive  
  128  8:04  Overlord  
  128  8:06  Hydralisk Den, Overlord  
  128  8:09  Overlord  
  128  8:12  Zerg Missile Weapons Level 2  
  127  8:14  Drone  
  127  8:15  Evolution Chamber, Overlord  
  127  8:16  Overlord  
  123  8:30  Drone x2  
  123  8:31  Spore Crawler, Overlord  
  124  8:36  Drone  
  124  8:37  Extractor  
  124  8:38  Drone x3  
  124  8:39  Drone  
  128  8:43  Hydralisk x6  
  128  8:44  Hydralisk x7  
  128  8:45  Muscular Augments  
  128  8:48  Zerg Ground Armor Level 1  
  154  8:49  Spore Crawler, Overlord  
  153  9:04  Overlord  
  153  9:15  Viper x2  
  153  9:16  Viper x2  
  165  9:18  Overlord  
  165  9:20  Hydralisk x5  
  175  9:24  Hydralisk  
  167  9:33  Spire  
  167  9:35  Roach x3  
  167  9:36  Roach  
  167  9:37  Roach  
  176  9:50  Baneling Nest, Drone x2  
  176  9:51  Evolution Chamber, Drone x2, Spine Crawler x2  
  176  9:52  Spine Crawler  
  175  9:57  Drone  
  178  10:00  Roach x6  
  178  10:01  Roach x6  
  200  10:12  Roach  
  199  10:29  Spore Crawler, Drone  
  199  10:34  Centrifical Hooks  
  199  10:35  Zerg Melee Weapons Level 1  
  199  10:36  Spine Crawler  
  199  10:37  Spine Crawler x2  
  199  10:38  Spine Crawler  
  173  11:04  Hydralisk  
  173  11:05  Hydralisk x10  
  173  11:06  Hydralisk  
  176  11:14  Hydralisk x2  
  176  11:15  Hydralisk x4  
  176  11:17  Drone x5  
  183  11:19  Roach x2  
  183  11:20  Roach x3  
  157  11:36  Hydralisk x4  
  157  11:37  Hydralisk x6  
  157  11:38  Hydralisk  
  171  11:46  Hatchery  
  166  11:50  Extractor, Drone x3  
  168  11:57  Hydralisk x4  
  168  11:59  Hydralisk  
  178  12:06  Drone  
  179  12:09  Roach  
  179  12:10  Roach  
  183  12:24  Overlord  
  183  12:26  Hatchery  
  183  12:28  Overlord x2  
Tags
 
Add a new tag
Caveats
  • Supply blocks, unpowered buildings, or Contaminate may cause inaccurate times.
  • Supply counts are checked every 10 seconds.